 Dungeon Crawl Stone Soup version 0.17-a0-1508-ge7f3dc3 (webtiles) character file.

55 Promi the Magician (level 3, -1/19 HPs)
             Began as a Deep Elf Wizard on July 10, 2015.
             Killed from afar by Ijyb (6 damage)
             ... with a wand of frost
             ... on level 2 of the Dungeon.
             The game lasted 00:04:56 (1439 turns).

Promi the Magician (Deep Elf Wizard)                Turns: 1439, Time: 00:04:57

Health: -1/19      AC:  2    Str:  4    XL:     3   Next: 67%
Magic:  8/12       EV: 13    Int: 22    God:
Gold:   43         SH:  0    Dex: 14    Spells: 5 memorised, 5 levels left

rFire  . . .     SeeInvis .     (no weapon)
rCold  . . .     Clarity  .     a - +0 robe
rNeg   . . .     SustAt   .     (no shield)
rPois  .         Gourm    .     b - +0 hat
rElec  .         Spirit   .     (no cloak)
rCorr  .         Warding  .     (no gloves)
rMut   .         Stasis   .     (no boots)
MR     .....                    (no amulet)
Stlth  +.........               (no ring)
                                f - ring of loudness (curse)

@: not resistant to hostile enchantments, very unstealthy
A: no striking features
a: no special abilities


You were on level 2 of the Dungeon.
You were not hungry.

You visited 1 branch of the dungeon, and saw 2 of its levels.

You collected 43 gold pieces.

Inventory:

Armour
 a - a +0 robe (worn)
 b - a +0 hat (worn)
Jewellery
 f - a cursed ring of loudness (left hand)
Scrolls
 e - a scroll of identify
Potions
 g - a potion of flight
 h - a potion of curing {unknown}
Books
 c - a book of Minor Magic

   Spells                             Type                      Level
   a - Magic Dart                     Conjuration                  1
   b - Blink                          Translocation                2
   c - Call Imp                       Summoning                    2
   d - Repel Missiles                 Charms/Air                   2
   e - Slow                           Hexes                        2
   f - Conjure Flame                  Conjuration/Fire             3
   g - Mephitic Cloud                 Conjuration/Poison/Air       3
Comestibles
 d - 3 bread rations
 i - 2 chunks of flesh
 j - a meat ration


   Skills:
 + Level 2.8 Dodging
 + Level 2.5 Stealth
 + Level 6.0 Spellcasting
 + Level 1.4 Conjurations
 + Level 1.2 Summonings
 + Level 1.1 Translocations


You had 5 spell levels left.
You knew the following spells:

 Your Spells              Type           Power        Failure   Level  Hunger
a - Magic Dart            Conj           ##..         8%          1    None
b - Blink                 Tloc           N/A          10%         2    None
c - Call Imp              Summ           ##......     10%         2    None
d - Repel Missiles        Chrm/Air       #.....       14%         2    None
e - Slow                  Hex            #.......     14%         2    None


Dungeon Overview and Level Annotations

Branches:
Dungeon (2/15)

Altars:

Annotations:
D:2 Ijyb


Message History

Casting: Call Imp
Confirm with . or Enter, or press ? or * to list all spells.
A shadowy apparition takes form in the air.
Ijyb zaps a wand.
The puff of frost hits you!
* * * LOW HITPOINT WARNING * * *
You swap places.
What do you say? t - Shout!
Orders for allies: a - Attack new target. r - Retreat! s - Stop attacking. w - Wait here. f - Follow me.
Anything else - Stay silent.
Gang up on whom?
Press: ? - help, Dir - move target cursor, f - Ijyb
Aim: Ijyb, wielding a club, wearing a chain mail and carrying a wand of frost {zapped: 2} Attack!
Your shadow imp barely misses Ijyb.
Your shadow imp hits Ijyb.
Ijyb zaps a wand.
The puff of frost misses your shadow imp.
The puff of frost hits you!
You die...

#####....# .........#
...##....# ##.###...# ##.#
#...# ##.# #...# +### .#.#
#...# ....# .#.#
#...###########5....# .#.#
#..........@..5g....#
.#.###.#.###########.....#
.#.....#.# ....#
.#.....#.# ...# .#.###.#.#
..# .#.# #.#.# ## .#.#
#.#.# .#.# #.#.# .#.###.#


You could see Ijyb and 2 friendly shadow imps.

Vanquished Creatures
  An adder (D:2)
  An ooze (D:2)
  A giant gecko (D:2)
  A giant cockroach (D:1)
  6 goblins (D:1)
  3 hobgoblins
  5 kobolds
  3 ball pythons (D:1)
  3 bats (D:1)
  3 giant newts
  2 rats (D:1)
29 creatures vanquished.

Vanquished Creatures (collateral kills)
  2 adders (D:2)
  A worm (D:2)
3 creatures vanquished.

Grand Total: 32 creatures vanquished

Notes
Turn   | Place    | Note
--------------------------------------------------------------
     0 | D:1      | Promi the Deep Elf Wizard began the quest for the Orb.
     0 | D:1      | Reached XP level 1. HP: 10/10 MP: 7/7
   305 | D:1      | Reached skill level 5 in Spellcasting
   310 | D:1      | Reached XP level 2. HP: 15/15 MP: 1/10
   332 | D:1      | Learned a level 2 spell: Blink
   335 | D:1      | Learned a level 2 spell: Call Imp
   338 | D:1      | Learned a level 2 spell: Repel Missiles
   341 | D:1      | Learned a level 2 spell: Slow
   912 | D:2      | Reached XP level 3. HP: 12/19 MP: 2/12
  1299 | D:2      | Reached skill level 6 in Spellcasting
  1433 | D:2      | Noticed Ijyb
  1439 | D:2      | Killed from afar by Ijyb

Vault maps used:
D:1:      roderic_octagonal_star, corexii_item_surrounded_by_moat
D:2:      st_stairs_5, uniq_iyjb

Action                   || total
-------------------------++-------
 Cast: Magic Dart        ||    63
       Call Imp          ||     6
  Use: Scroll            ||     5
  Eat: Chunk             ||     1
